 Dungeon Crawl Stone Soup version 0.21.1-1-g345015f (webtiles) character file.

381 tester123 the Chopper (level 6, 0/53 HPs)
             Began as a Draconian Berserker on July 29, 2018.
             Was a Believer of Trog.
             Killed from afar by Dowan (8 damage)
             ... with a puff of flame
             ... on level 4 of the Dungeon.
             The game lasted 00:14:58 (3845 turns).

tester123 the Chopper (Draconian Berserker)         Turns: 3845, Time: 00:14:59

Health: 0/53       AC:  9    Str: 22    XL:     6   Next: 46%
Magic:  6/6        EV: 13    Int:  7    God:    Trog [**....]
Gold:   166        SH:  0    Dex: 10    Spells: 5/5 levels left

rFire    . . .     SeeInvis .   a - +0 hand axe
rCold    . . .     Gourm    .   (no shield)
rNeg     . . .     Faith    .   (armour unavailable)
rPois    .         Spirit   .   (helmet restricted)
rElec    .         Reflect  .   f - +2 cloak
rCorr    .         Harm     .   (no gloves)
MR       .....                  (no boots)
Stlth    +.........             (no amulet)
HPRegen  0.17/turn              (no ring)
MPRegen  0.10/turn              (no ring)

@: no status effects
A: unfitting armour, cold-blooded, AC +6
a: Berserk, Trog's Hand, Burn Spellbooks, Renounce Religion


You were on level 4 of the Dungeon.
You worshipped Trog.
Trog was pleased with you.
You were not hungry.

You visited 1 branch of the dungeon, and saw 5 of its levels.

You collected 166 gold pieces.

Inventory:

Hand Weapons
 a - a +0 hand axe (weapon)
 p - a +0 trident
Armour
 f - a +2 cloak (worn)
 k - a +0 cloak
Jewellery
 g - an uncursed amulet of magic regeneration {unknown}
Scrolls
 c - a scroll of amnesia {unknown}
 e - a scroll of remove curse {unknown}
 i - a scroll of magic mapping {unknown}
 j - a scroll of enchant armour {unknown}
 m - 3 scrolls of teleportation {unknown}
 q - a scroll of fog {unknown}
 r - a scroll of blinking {unknown}
 s - a scroll of identify {unknown}
 t - 2 scrolls of immolation {unknown}
Potions
 d - a potion of degeneration {unknown}
 h - 2 potions of curing {unknown}
 l - 2 potions of haste {unknown}
 n - a potion of brilliance {unknown}
 o - a potion of agility {unknown}
Comestibles
 b - 4 rations


   Skills:
 + Level 4.6 Fighting
 * Level 5.1 Axes
 * Level 4.7 Dodging


You had 5 spell levels left.
You didn't know any spells.

Dungeon Overview and Level Annotations

Branches:
Dungeon (5/15)
 Temple: D:4-7

Altars:
Cheibriados
Kikubaaqudgha
Nemelex Xobeh
Ru
Sif Muna
The Shining One

Annotations:
D:4 Dowan, Duvessa
D:5 Grinder


Innate Abilities, Weirdness & Mutations

Your plain brown scales are hard. (AC +6)
You cannot fit into any form of body armour.
You are cold-blooded and may be slowed by cold attacks.


Message History

You feel resistant to hostile enchantments.
You feel somewhat more hungry. Duvessa barely misses you.
Dowan completely misses you. Duvessa misses you.
You feel the effects of Trog's Hand fading.
Duvessa hits you with a rapier!
Dowan casts a spell.
Dowan blinks!
Duvessa hits you with a rapier!
* * * LOW HITPOINT WARNING * * *
Dowan hits you but does no damage. Dowan hits you with a dagger.
* * * LOW HITPOINT WARNING * * *
Duvessa hits you but does no damage.
Your skin stops crawling.
You feel less resistant to hostile enchantments.
Dowan hits you but does no damage. Dowan gestures at you while chanting.
The puff of flame hits you!
You die...

..........#.#...#.....#..###.....
...##.....#.#.#.#.....#..........
...##.........#.#.....#.####.....
...##.........#.#................
...##..............#.##.#########
.............##..#.#.#...........
######.............#.#..#........
#...###.#..........#.#..#.####...
#...###.#.#.#...@e.#.#..#.# #....
#..................#....#.# #....
##........#.#####.##....#.# #....
#........#.####.e.#......# ##.##
##.................#......# #.#
...............###.#......# #.#
...............# #.....<..####.##
...............###........#......
.................#........#......


You could see Duvessa and Dowan.

Vanquished Creatures
  A phantom (D:4)
  A bullfrog (D:5)
  A jelly (D:4)
  2 worker ants
  4 adders
  3 gnolls (D:2)
  An ooze (D:4)
  An adder skeleton (D:4)
  A worm (D:3)
  4 dart slugs
  2 leopard geckos
  4 bats
  9 giant cockroaches
  8 goblins
  9 hobgoblins
  2 quokkas
  5 frilled lizards
  9 kobolds
  7 rats
74 creatures vanquished.

Notes
Turn   | Place    | Note
-------+----------+-------------------------------------------
     0 | D:1      | tester123 the Draconian Berserker began the quest for the Orb.
     0 | D:1      | Reached XP level 1. HP: 19/19 MP: 1/1
   107 | D:1      | Reached XP level 2. HP: 13/26 MP: 2/2
   304 | D:1      | Found a sparkling altar of Nemelex Xobeh.
  1009 | D:2      | Reached XP level 3. HP: 31/31 MP: 3/3
  1248 | D:2      | Reached ** piety under Trog
  1274 | D:2      | Reached XP level 4. HP: 5/40 MP: 4/4
  1795 | D:2      | Found an ancient bone altar of Kikubaaqudgha.
  1824 | D:2      | Reached skill level 4 in Axes
  1869 | D:2      | Found a sacrificial altar of Ru.
  1872 | D:2      | Found a deep blue altar of Sif Muna.
  2122 | D:3      | Reached XP level 5. HP: 44/46 MP: 5/5
  2298 | D:3      | You fall through a shaft!
  2360 | D:4      | Found a snail-covered altar of Cheibriados.
  2544 | D:4      | Noticed a phantom
  2621 | D:4      | Killed a phantom
  2621 | D:4      | Reached XP level 6. HP: 5/53 MP: 6/6
  3331 | D:5      | Entered Level 5 of the Dungeon
  3453 | D:3      | Reached skill level 5 in Axes
  3663 | D:5      | Noticed Grinder
  3729 | D:5      | Found a glowing golden altar of the Shining One.
  3800 | D:5      | Noticed Duvessa
  3800 | D:5      | Noticed Dowan
  3845 | D:4      | Killed from afar by Dowan

Skill      XL: |  1  2  3  4  5  6 |
---------------+-------------------+-----
Dodging        | 3 4 |  4.7
Fighting       | 4 |  4.6
Axes           | 4 5 |  5.1

Action                   |  1- 3 |  4- 6 || total
-------------------------+-------+-------++-------
Melee: Hand axe          |   111 |   166 ||   277
       Tailslap          |     7 |    25 ||    32
       Trident           |       |     4 ||     4
Invok: Trog's Hand       |       |     1 ||     1
 Stab: Sleeping          |     4 |       ||     4
  Eat: Chunk             |     1 |     5 ||     6
       Ration            |       |     1 ||     1
Armor: Skin              |    31 |    40 ||    71
Dodge: Dodged            |    61 |   113 ||   174
